cohdb
Replays
Latest Replays
All Replays
Popular Replays
Top Player Replays
Match Explorer
How It Works
Community
CoH3 Stats
Reddit
Sign in to upload your games and track your stats! →
Sign in with Steam
Match 47259110
Unlisted
Match 47259110
Overview
Messages
Build Orders
End
Pioneer Squad
Construct Infanterie Kompanie
Grenadier Squad
MG 42 Machine Gun Team
Construct Luftwaffe Kompanie
221 Scout Car
Selects Mechanized Battlegroup
Selects Mechanized Battlegroup
MG 42 Machine Gun Team
GrW 34 Mortar Team
Support Elements
Selects Raid Package
Wirbelwind Flakpanzer
Jäger Squad
Medical Station
Wirbelwind Flakpanzer
Jäger Squad
Marder III M Tank Destroyer
Pioneer Squad
Luftwaffe Officer Quarters
Side Skirts
Marder III M Tank Destroyer
Logan5
Projinx
Schmundel
lordmar
0
0
Comments
sign in to comment!
No comments posted yet!